[ AOE2 MATCH · #506479467 ]
UnrankedShu vs Bengalis
Player's team · LOSS
Rival team · WIN
[ REPLAY ANALYSIS · EXTRACTED FROM THE RECORDED GAME ]
Feudal
10:36
Castle
21:50
Imperial
37:11
| APM avg | 74.6 |
| APM peak | 107 |
| eAPM avg | 31.5 |
| Villagers / military | 154 / 146 |
Focus
⚔️ 52.4% · 🌾 47.6%
Archer ×71 · Skirmisher ×58 · Unknown (1942) ×10 · Mangonel ×9 · Militia ×4 · Unknown (1959) ×3
Feudal
8:50
Castle
18:53
Imperial
38:55
| APM avg | 61.5 |
| APM peak | 102 |
| eAPM avg | 31.6 |
| Villagers / military | 156 / 179 |
Focus
⚔️ 36.8% · 🌾 63.2%
Elephant Archer ×46 · Scout Cavalry ×45 · Skirmisher ×38 · Archer ×27 · Mangonel ×10 · Armored Elephant ×5
Match map
Initial resources + every placement click. Lines = walls · curves = elevation contours. ◆ gold · ⬟ stone · ● berries · ✦ relic · ◌ wall gap
Your base· ✓ Closed at 21:50 · 49t walls · no gate
[LW] Faneth's base· Open — opponent sealed themselves in
Smoothed initial terrain · ◌ = detected wall gap · hover for details
Inputs per minute
— Macluffy - - [LW] Faneth
Build order — Macluffy
First 150 of 454 actions detected
| 0:01 | Create | Villager (Male) |
| 0:02 | Build | House |
| 0:03 | Build | House |
| 0:06 | Create | Villager (Male) |
| 0:10 | Create | Villager (Male) |
| 0:13 | Create | Villager (Male) |
| 1:24 | Create | Villager (Male) |
| 1:45 | Build | Lumber Camp |
| 1:59 | Create | Villager (Male) |
| 2:08 | Create | Villager (Male) |
| 2:51 | Create | Villager (Male) |
| 2:51 | Create | Villager (Male) |
| 3:18 | Create | Villager (Male) |
| 3:41 | Create | Villager (Male) |
| 3:55 | Build | House |
| 4:11 | Create | Villager (Male) |
| 4:35 | Build | Barracks |
| 4:56 | Create | Villager (Male) |
| 5:04 | Build | House |
| 5:12 | Create | Villager (Male) |
| 5:29 | Create | Militia |
| 5:30 | Create | Militia |
| 5:39 | Create | Villager (Male) |
| 5:50 | Create | Militia |
| 5:57 | Build | House |
| 5:58 | Build | Palisade Wall |
| 6:18 | Create | Villager (Male) |
| 6:27 | Build | Mill |
| 6:37 | Create | Villager (Male) |
| 6:49 | Create | Villager (Male) |
| 7:05 | Build | Palisade Wall |
| 7:19 | Create | Villager (Male) |
| 7:56 | Research | Loom |
| 8:26 | Research | Feudal Age |
| 8:46 | Build | House |
| 8:47 | Build | Palisade Wall |
| 8:47 | Build | Palisade Wall |
| 8:48 | Build | Palisade Wall |
| 8:49 | Build | Palisade Wall |
| 8:51 | Build | Palisade Wall |
| 8:57 | Build | Mining Camp |
| 9:46 | Create | Militia |
| 10:00 | Build | House |
| 10:21 | Create | Villager (Male) |
| 10:36 | Age | Feudal Age |
| 10:37 | Build | Palisade Wall |
| 10:40 | Build | Archery Range |
| 10:41 | Research | Man-at-Arms (upgrade) |
| 10:49 | Build | Palisade Wall |
| 10:52 | Build | Palisade Wall |
| 10:54 | Create | Villager (Male) |
| 11:09 | Research | Double-Bit Axe |
| 11:11 | Research | Horse Collar |
| 11:26 | Research | Arson |
| 11:30 | Create | Villager (Male) |
| 11:36 | Create | Archer |
| 11:42 | Create | Villager (Male) |
| 11:46 | Build | House |
| 11:51 | Create | Villager (Male) |
| 11:52 | Build | Farm |
| 12:12 | Create | Villager (Male) |
| 12:27 | Create | Archer |
| 12:29 | Create | Villager (Male) |
| 12:34 | Build | Farm |
| 12:40 | Build | Farm |
| 12:49 | Create | Villager (Male) |
| 12:50 | Create | Spearman |
| 13:04 | Build | House |
| 13:10 | Create | Archer |
| 13:12 | Create | Spearman |
| 13:13 | Create | Villager (Male) |
| 13:15 | Build | Farm |
| 13:31 | Build | Farm |
| 13:33 | Build | Farm |
| 13:42 | Create | Villager (Male) |
| 13:54 | Create | Archer |
| 14:12 | Create | Villager (Male) |
| 14:22 | Build | Farm |
| 14:25 | Build | Blacksmith |
| 14:27 | Create | Villager (Male) |
| 14:34 | Create | Archer |
| 14:35 | Create | Villager (Male) |
| 14:48 | Create | Archer |
| 14:51 | Create | Villager (Male) |
| 15:01 | Research | Fletching |
| 15:02 | Build | Lumber Camp |
| 15:07 | Create | Villager (Male) |
| 15:10 | Build | Farm |
| 15:20 | Build | Farm |
| 15:26 | Create | Villager (Male) |
| 15:34 | Create | Archer |
| 15:35 | Create | Villager (Male) |
| 15:43 | Create | Villager (Male) |
| 16:04 | Create | Villager (Male) |
| 16:27 | Create | Archer |
| 16:28 | Create | Villager (Male) |
| 16:37 | Build | House |
| 16:38 | Build | Farm |
| 16:38 | Build | Farm |
| 16:39 | Build | Farm |
| 16:40 | Build | House |
| 16:52 | Create | Villager (Male) |
| 16:55 | Create | Villager (Male) |
| 17:06 | Create | Archer |
| 17:07 | Create | Villager (Male) |
| 17:17 | Create | Archer |
| 17:19 | Build | Market |
| 17:22 | Build | Farm |
| 17:22 | Build | Farm |
| 17:24 | Build | Farm |
| 17:25 | Build | Farm |
| 17:34 | Create | Archer |
| 17:47 | Create | Villager (Male) |
| 17:49 | Create | Villager (Male) |
| 18:06 | Build | Farm |
| 18:37 | Create | Villager (Male) |
| 18:42 | Create | Archer |
| 18:53 | Create | Archer |
| 19:10 | Research | Castle Age |
| 19:18 | Build | Archery Range |
| 19:47 | Research | Padded Archer Armor |
| 19:48 | Create | Archer |
| 20:02 | Research | Gold Mining |
| 20:19 | Create | Archer |
| 20:20 | Create | Villager (Male) |
| 20:22 | Build | Farm |
| 20:34 | Create | Archer |
| 20:34 | Create | Archer |
| 20:50 | Create | Archer |
| 20:54 | Create | Archer |
| 20:59 | Create | Archer |
| 21:03 | Build | Archery Range |
| 21:24 | Create | Archer |
| 21:25 | Create | Archer |
| 21:33 | Build | House |
| 21:34 | Create | Villager (Male) |
| 21:43 | Create | Archer |
| 21:50 | Age | Castle Age |
| 21:57 | Research | Crossbowman (upgrade) |
| 21:58 | Research | Bodkin Arrow |
| 22:01 | Create | Villager (Male) |
| 22:04 | Build | Town Center |
| 22:08 | Create | Villager (Male) |
| 22:22 | Build | Town Center |
| 22:29 | Create | Villager (Male) |
| 22:41 | Create | Archer |
| 22:41 | Create | Archer |
| 22:42 | Create | Villager (Male) |
| 22:51 | Build | Siege Workshop |
| 22:51 | Create | Villager (Male) |
Build order — [LW] Faneth
First 150 of 570 actions detected
| 0:00 | Create | Villager (Male) |
| 0:00 | Create | Villager (Male) |
| 0:02 | Build | House |
| 0:02 | Create | Villager (Male) |
| 0:02 | Create | Villager (Male) |
| 0:03 | Build | House |
| 1:22 | Create | Villager (Male) |
| 1:45 | Build | Lumber Camp |
| 1:58 | Create | Villager (Male) |
| 2:14 | Create | Villager (Male) |
| 2:46 | Create | Villager (Male) |
| 3:08 | Create | Villager (Male) |
| 3:40 | Create | Villager (Male) |
| 3:48 | Build | House |
| 4:07 | Create | Villager (Male) |
| 4:16 | Create | Villager (Male) |
| 4:22 | Build | Mill |
| 4:55 | Create | Villager (Male) |
| 5:17 | Create | Villager (Male) |
| 5:49 | Create | Villager (Male) |
| 6:09 | Research | Loom |
| 6:28 | Create | Villager (Male) |
| 6:31 | Create | Villager (Male) |
| 6:39 | Research | Feudal Age |
| 7:15 | Build | House |
| 7:28 | Build | House |
| 7:30 | Build | Palisade Wall |
| 7:35 | Build | Palisade Wall |
| 7:40 | Build | House |
| 7:58 | Build | Palisade Wall |
| 8:07 | Build | Palisade Wall |
| 8:10 | Build | House |
| 8:19 | Create | Villager (Male) |
| 8:41 | Build | Barracks |
| 8:50 | Age | Feudal Age |
| 9:09 | Research | Double-Bit Axe |
| 9:11 | Build | Palisade Wall |
| 9:21 | Create | Villager (Male) |
| 9:44 | Create | Villager (Male) |
| 9:46 | Build | Stable |
| 9:47 | Create | Spearman |
| 9:57 | Build | House |
| 10:01 | Build | Palisade Wall |
| 10:05 | Create | Villager (Male) |
| 10:20 | Create | Scout Cavalry |
| 10:21 | Create | Scout Cavalry |
| 10:26 | Build | Farm |
| 10:27 | Build | Farm |
| 10:41 | Create | Villager (Male) |
| 10:56 | Create | Villager (Male) |
| 11:03 | Build | Farm |
| 11:04 | Build | Farm |
| 11:13 | Create | Scout Cavalry |
| 11:15 | Create | Villager (Male) |
| 11:21 | Build | Farm |
| 11:32 | Create | Villager (Male) |
| 11:35 | Build | Farm |
| 11:37 | Build | Farm |
| 11:42 | Build | Farm |
| 11:48 | Create | Villager (Male) |
| 12:03 | Build | House |
| 12:06 | Build | Palisade Wall |
| 12:14 | Create | Villager (Male) |
| 12:31 | Build | Archery Range |
| 12:39 | Create | Villager (Male) |
| 13:07 | Build | Mining Camp |
| 13:12 | Create | Villager (Male) |
| 13:21 | Create | Archer |
| 13:35 | Build | Farm |
| 13:36 | Build | Farm |
| 13:43 | Create | Villager (Male) |
| 14:02 | Create | Villager (Male) |
| 14:03 | Create | Archer |
| 14:10 | Build | Farm |
| 14:19 | Create | Villager (Male) |
| 14:30 | Create | Archer |
| 14:44 | Create | Skirmisher |
| 15:07 | Create | Skirmisher |
| 15:19 | Build | Farm |
| 15:23 | Create | Villager (Male) |
| 15:41 | Build | Blacksmith |
| 15:48 | Create | Villager (Male) |
| 16:01 | Create | Archer |
| 16:09 | Research | Castle Age |
| 16:09 | Research | Castle Age |
| 16:30 | Build | Archery Range |
| 16:35 | Research | Fletching |
| 17:06 | Create | Archer |
| 17:06 | Create | Villager (Male) |
| 17:20 | Build | Lumber Camp |
| 17:25 | Build | House |
| 17:26 | Build | House |
| 17:53 | Create | Villager (Male) |
| 17:54 | Create | Archer |
| 17:55 | Create | Archer |
| 18:08 | Research | Horse Collar |
| 18:46 | Create | Archer |
| 18:46 | Create | Archer |
| 18:53 | Age | Castle Age |
| 18:57 | Research | Bodkin Arrow |
| 18:58 | Research | Crossbowman (upgrade) |
| 19:24 | Build | Siege Workshop |
| 19:24 | Create | Villager (Male) |
| 19:40 | Create | Archer |
| 19:43 | Create | Villager (Male) |
| 19:57 | Create | Archer |
| 20:32 | Build | Town Center |
| 20:51 | Create | Villager (Male) |
| 21:05 | Create | Mangonel |
| 21:09 | Create | Villager (Male) |
| 21:26 | Create | Villager (Male) |
| 21:30 | Research | Bow Saw |
| 21:36 | Build | House |
| 21:54 | Create | Mangonel |
| 21:59 | Create | Archer |
| 22:00 | Create | Archer |
| 22:00 | Create | Villager (Male) |
| 22:08 | Create | Archer |
| 22:08 | Create | Villager (Male) |
| 22:10 | Create | Villager (Male) |
| 22:14 | Research | Padded Archer Armor |
| 22:27 | Create | Villager (Male) |
| 22:28 | Create | Villager (Male) |
| 22:29 | Create | Archer |
| 22:42 | Create | Archer |
| 22:54 | Create | Villager (Male) |
| 22:54 | Create | Villager (Male) |
| 23:05 | Create | Archer |
| 23:05 | Create | Archer |
| 23:13 | Build | Town Center |
| 23:20 | Build | Farm |
| 23:20 | Build | Farm |
| 23:21 | Build | Farm |
| 23:21 | Build | Farm |
| 23:21 | Build | Farm |
| 23:21 | Build | Farm |
| 23:21 | Build | Farm |
| 23:28 | Create | Archer |
| 23:28 | Create | Archer |
| 24:04 | Create | Mangonel |
| 24:05 | Build | House |
| 24:06 | Create | Villager (Male) |
| 24:06 | Create | Villager (Male) |
| 24:09 | Build | Monastery |
| 25:01 | Create | Villager (Male) |
| 25:01 | Create | Villager (Male) |
| 25:01 | Create | Villager (Male) |
| 25:04 | Create | Monk |
| 25:05 | Create | Monk |
| 25:34 | Create | Archer |
Match timeline
| 4:35 | Macluffy · first_building Barracks |
| 5:58 | Macluffy · wall_segment Palisade Wall x4 |
| 7:05 | Macluffy · wall_segment Palisade Wall x14 |
| 7:30 | [LW] Faneth · wall_segment Palisade Wall x1 |
| 7:35 | [LW] Faneth · wall_segment Palisade Wall x1 |
| 7:58 | [LW] Faneth · wall_segment Palisade Wall x1 |
| 8:07 | [LW] Faneth · wall_segment Palisade Wall x9 |
| 8:41 | [LW] Faneth · first_building Barracks |
| 8:47 | Macluffy · wall_segment Palisade Wall x1 |
| 8:47 | Macluffy · wall_segment Palisade Wall x1 |
| 8:48 | Macluffy · wall_segment Palisade Wall x1 |
| 8:49 | Macluffy · wall_segment Palisade Wall x1 |
| 8:50 | [LW] Faneth · age_up feudal |
| 8:51 | Macluffy · wall_segment Palisade Wall x6 |
| 9:11 | [LW] Faneth · wall_segment Palisade Wall x1 |
| 9:46 | [LW] Faneth · first_building Stable |
| 10:01 | [LW] Faneth · wall_segment Palisade Wall x7 |
| 10:36 | Macluffy · age_up feudal |
| 10:37 | Macluffy · wall_segment Palisade Wall x10 |
| 10:40 | Macluffy · first_building Archery Range |
| 10:49 | Macluffy · wall_segment Palisade Wall x3 |
| 10:52 | Macluffy · wall_segment Palisade Wall x8 |
| 12:06 | [LW] Faneth · wall_segment Palisade Wall x1 |
| 12:31 | [LW] Faneth · first_building Archery Range |
| 18:53 | [LW] Faneth · age_up castle |
| 19:08 | Macluffy · first_market_sell 100 wood |
| 19:24 | [LW] Faneth · first_building Siege Workshop |
| 21:50 | Macluffy · age_up castle |
| 22:51 | Macluffy · first_building Siege Workshop |
| 24:09 | [LW] Faneth · first_building Monastery |
| 27:42 | Macluffy · first_market_buy 100 wood |
| 34:07 | Macluffy · first_building Castle |
| 34:32 | [LW] Faneth · first_building Castle |
| 35:43 | [LW] Faneth · first_market_buy 100 food |
| 37:11 | Macluffy · age_up imperial |
| 37:28 | Macluffy · first_building Monastery |
| 38:55 | [LW] Faneth · age_up imperial |
| 48:44 | Macluffy · resign |
[ AI ANALYSIS · 1 CREDIT ]
What really happened in this match?
Wolo.gg analyzes every decision: build order, eco, micro, common mistakes by bracket. Personalized analysis on WhatsApp or Discord in 30 seconds.
Civ guide
Shu
Perfil
Jugador #453821